 Dungeon Crawl Stone Soup version 0.27.1 (webtiles) character file.

Game seed: 4385799331154063305

4 H0rd4k the Caller (level 1, -1/13 HPs)
             Began as a Barachi Summoner on Aug 31, 2021.
             Slain by a kobold (5 damage)
             ... on level 2 of the Dungeon.
             The game lasted 00:01:10 (486 turns).

H0rd4k the Caller (Barachi Summoner)                 Turns: 486, Time: 00:01:11

Health: -1/13      AC:  2    Str:  9    XL:     1   Next: 60%
Magic:  0/3        EV: 12    Int: 15    God:
Gold:   0          SH:  0    Dex: 12    Spells: 3/4 levels left

rFire    . . .     SeeInvis .   (no weapon)
rCold    . . .     Faith    .   (no shield)
rNeg     . . .     Spirit   .   a - +0 robe
rPois    .         Reflect  .   (no helmet)
rElec    .         Harm     .   (no cloak)
rCorr    .         Rampage  .   (no gloves)
Will     .....                  (no boots)
Stlth    ++........             (no amulet)
HPRegen  0.04/turn              (no ring)
MPRegen  0.08/turn              (no ring)

@: slow
A: amphibious, slowness 1, strong legs 1, +LOS
a: Hop


You were on level 2 of the Dungeon.
You visited 1 branch of the dungeon, and saw 3 of its levels.

Inventory:

Armour
 a - a +0 robe (worn)
Scrolls
 c - a scroll of fog {unknown}
Potions
 b - a potion of brilliance {unknown}


   Skills:
 + Level 2.1 Dodging
 - Level 1.7 Stealth
 * Level 2.3 Spellcasting
 * Level 5.0 Summonings


You had 3 spell levels left.
You knew the following spells:

 Your Spells              Type           Power      Damage    Failure   Level
a - Summon Small Mammal   Summ           64%        N/A       2%          1

Your spell library contained the following spells:

 Spells                   Type           Power      Damage    Failure   Level
 Call Imp                 Summ           16%        N/A       4%          2
 Call Canine Familiar     Summ           16%        N/A       9%          3
 Summon Guardian Golem    Hex/Summ       9%         N/A       22%         3
 Blink                    Tloc           N/A        N/A       32%         2
 Lesser Beckoning         Tloc           0%         N/A       54%         3
 Summon Lightning Spire   Summ/Air       9%         N/A       58%         4
 Manifold Assault         Tloc           1%         N/A       99%         5


Dungeon Overview and Level Annotations

Branches:
Dungeon (3/15)

Altars:


Innate Abilities, Weirdness & Mutations

You are amphibious.
You cover ground slowly.
You can hop short distances.
You have an extended range of vision and can be seen from far away.


Message History

The ball python is moderately wounded.
The ball python misses you. The ball python constricts you.
You barely miss the ball python.
The ball python is moderately wounded.
Your quokka bites the ball python.
The ball python dies!
The kobold throws a stone.
The stone barely misses you.
Your Summonings skill increases to level 5!
The kobold hits your quokka with a +0 club.
Your quokka barely misses the kobold.
The kobold misses your quokka.
Your quokka bites the kobold.
Your quokka closely misses the kobold.
The kobold throws a stone.
The stone hits your quokka but does no damage.
Your quokka closely misses the kobold.
The kobold misses your quokka.
Your quokka bites the kobold.
The kobold hits your quokka with a +0 club.
Your quokka dies!
Your quokka's corpse disappears in a puff of smoke!
The kobold hits your bat with a +0 club.
Your bat dies!
Your bat's corpse disappears in a puff of smoke!
The kobold throws a stone.
The stone misses you.
Found 2 scrolls labelled YSIWUA FACH and a flail.
The kobold throws a stone.
The stone barely misses you.
The kobold throws a stone.
The stone hits you but does no damage.
You closely miss the kobold.
The kobold is severely wounded.
The kobold barely misses you.
Your rat bites the kobold.
The kobold dies!
The kobold throws a stone.
The stone hits you but does no damage.
You hit the kobold but do no damage. The kobold misses you.
Your rat bites the kobold.
You closely miss the kobold.
The kobold is severely wounded.
The kobold hits you with a +0 short sword.
Your rat bites the kobold but does no damage.
You hit the kobold but do no damage.
The kobold is severely wounded.
The kobold hits you with a +0 short sword.
You die...

.... # ... ...... .......
.......## # #
#(....#.#...### .###..
#.........#...#####....#
#..........#r.......)..#
#........#.@K).........##
#.........##.........?..#
#..........#####.######.
.......#.# ##.# ###...#.#
#.K# ##....## #..#
#.#...###..######.
#.##...##.........
####.##.#..#...#####.


You could see a kobold (ally target) and a friendly rat (summoned).

Vanquished Creatures (collateral kills)
  2 ball pythons
  A goblin (D:2)
  A kobold (D:2)
  A bat (D:2)
  A frilled lizard (D:2)
6 creatures vanquished.

Notes
Turn   | Place    | Note
-------+----------+-------------------------------------------
     0 | D:1      | H0rd4k the Barachi Summoner began the quest for the Orb.
     0 | D:1      | Reached XP level 1. HP: 13/13 MP: 3/3
   463 | D:2      | Reached skill level 5 in Summonings
   486 | D:2      | Slain by a kobold

Illustrated notes

Levels and vault maps discovered:
D:1:      dpeg_arrival_oval, layout_rooms
D:2:      layout_rooms
D:3:      layout_loops_ring, general_overflow_altar,
          hellmonk_ghost_happy_afterlife, ebering_ecumenical_altar_mist,
          st_stairs_10, minivault_27, kennysheep_cluttered_room,
          kennysheep_generic_room_7, uniq_robin, uniq_ijyb, uniq_sigmund

Skill      XL: |  1 |
---------------+----+-----
Summonings     | 5 |  5.0
Dodging        | |  2.1
Stealth        | |  1.7
Spellcasting   | |  2.3

Action                   || total
-------------------------++-------
Melee: Unarmed           ||    11
 Cast: Summon Small Mamm ||    22
Armor: Robe              ||    21
Dodge: Dodged            ||    38
